 Dungeon Crawl Stone Soup version 0.20.1-1-g8b1a95d (console) character file.

375 hilaritas the Digger (level 6, -6/36 HPs)
             Began as an Octopode Earth Elementalist on Sept 1, 2017.
             Was an Initiate of Sif Muna.
             Mangled by an orc wizard
             ... wielding a +2 dagger of electrocution
              (12 damage)
             ... on level 4 of the Dungeon.
             The game lasted 00:11:33 (5635 turns).

hilaritas the Digger (Octopode Earth Elementalist)  Turns: 5635, Time: 00:11:33

Health: -6/36      AC:  1    Str:  7    XL:     6   Next: 73%
Magic:  1/11       EV: 13    Int: 20    God:    Sif Muna [......]
Gold:   115        SH:  4    Dex: 12    Spells: 3/12 levels left

rFire    . . .     SeeInvis .   k - +3 short sword (protect)
rCold    . . .     Gourm    .   v - +0 buckler
rNeg     . . .     Faith    .   (helmet restricted)
rPois    .         Spirit   .   (no amulet)
rElec    .         Reflect  .   m - ring of protection from magic
rCorr    .         Harm     .   (no ring)
MR       +....                  (no ring)
Stlth    +++.......             (no ring)
Regen    0.2/turn               (no ring)
MPRegen  0.2/turn               (no ring)
                                (no ring)
                                (no ring)

@: very slightly contaminated, hasted, very quick
A: almost no armour, stealthy swim, amphibious, 8 rings, constrict 8, camouflage
1, gelatinous body 1
a: Renounce Religion


You were on level 4 of the Dungeon.
You worshipped Sif Muna.
Sif Muna was noncommittal.
You were not hungry.

You visited 2 branches of the dungeon, and saw 5 of its levels.

You collected 115 gold pieces.

Inventory:

Hand Weapons
 k - a +3 short sword of protection (weapon)
 l - a cursed -1 whip
Missiles
 b - 21 stones (quivered)
 p - 23 arrows
Armour
 v - a +0 buckler (worn)
Jewellery
 m - a ring of protection from magic (left tentacle)
Wands
 e - a wand of iceblast (10/15)
 j - a wand of enslavement (12/24)
 u - a wand of flame (18/48)
Scrolls
 g - 2 scrolls of identify
 n - 2 scrolls of remove curse
 q - a scroll of enchant weapon
 x - a scroll of enchant armour {unknown}
Potions
 a - 2 potions of curing {unknown}
 f - a potion of invisibility {unknown}
 i - a potion of haste
 o - a potion of might {unknown}
 r - a potion of cancellation {unknown}
 t - a potion of heal wounds {unknown}
Books
 d - a book of Geomancy

   Spells                             Type                      Level
   a - Sandblast                      Earth                        1
   b - Passwall                       Transmutation/Earth          2
   c - Stone Arrow                    Conjuration/Earth            3
   d - Petrify                        Transmutation/Earth          4
   e - Lee's Rapid Deconstruction     Earth                        5
Comestibles
 c - 3 bread rations
 h - 6 fruits
 s - 3 meat rations
 w - a royal jelly
 z - a chunk of flesh


   Skills:
 - Level 2.0 Dodging
 - Level 2.6 Stealth
 * Level 2.1 Shields
 * Level 3.7 Spellcasting
 - Level 2.4 Conjurations
   Level 1.0 Transmutations
 - Level 5.0 Earth Magic
 * Level 1.2 Invocations


You had 3 spell levels left.
You knew the following spells:

 Your Spells              Type           Power        Failure   Level  Hunger
a - Sandblast             Erth           ###...       2%          1    None
b - Stone Arrow           Conj/Erth      ###...       11%         3    ###....
c - Lee's Rapid Deconstr  Erth           ###.......   52%         5    ######.


Dungeon Overview and Level Annotations

Branches:
Dungeon (4/15)             Temple (1/1) D:4

Altars:
Ashenzari
Elyvilon
Fedhas
Hepliaklqana
Kikubaaqudgha
Nemelex Xobeh
Okawaru
Qazlal
Sif Muna
Uskayaw
Xom
The Shining One


Innate Abilities, Weirdness & Mutations

You cannot wear most types of armour.
You are very stealthy in the water. (Stealth+)
You are amphibious.
You can wear up to eight rings at the same time.
You can use your tentacles to constrict eight enemies at once.
Your skin changes colour to match your surroundings (Stealth+).
Your rubbery body absorbs attacks. (AC +1, EV +1)


Message History

Casting: Stone Arrow
Confirm with . or Enter, or press ? or * to list all spells.
Aiming: Stone Arrow
Press: ? - help, Shift-Dir - straight line, f/p - orc priest
Aim: an orc priest, wielding a trident and wearing a ring mail (moderately wounded)
You miscast Stone Arrow.
You are very lightly contaminated with residual magic.
You feel a strange surge of energy! The orc wizard misses you.
You closely miss the orc wizard. Your grab misses the orc wizard.
The orc wizard is almost dead.
The orc priest calls down the wrath of Beogh upon you.
Beogh smites you!
* * * LOW HITPOINT WARNING * * *
The orc wizard casts a spell.
The orc wizard seems to speed up.
The orc priest closely misses you.
You feel yourself speed up.
The orc wizard hits you with a dagger of electrocution.
* * * LOW HITPOINT WARNING * * *
You are electrocuted!
You die...

#.......# #.##.##.##
#########.##.#....
#......##.##......
#.####.##.####..## #
####.####.##.......##
####$#..o...##.######...##
#....).##o#.##.# #.....
....o.####@.....# #...##
.#.## ###.############# .
#.#####.......#
#..........##.#
###########.#...#.#
#.......))......#.#
#.......)##.#...#.##
#........##.........
#..|.....#####......


You could see an orc priest and an orc wizard.

Vanquished Creatures
  A phantom (D:4)
  A crimson imp (D:3)
  An orc priest (D:4)
  Terence (D:2)
  A worker ant (D:4)
  5 adders
  3 oozes
  3 worms
  2 dart slugs
  6 leopard geckos
  10 orcs
  5 giant cockroaches
  11 goblins
  11 hobgoblins
  9 kobolds
  2 quokkas
  9 bats
  5 frilled lizards
  8 rats
94 creatures vanquished.

Notes
Turn   | Place    | Note
-------+----------+-------------------------------------------
     0 | D:1      | hilaritas the Octopode Earth Elementalist began the quest for the Orb.
     0 | D:1      | Reached XP level 1. HP: 11/11 MP: 3/3
   422 | D:1      | Reached XP level 2. HP: 17/17 MP: 3/5
   785 | D:1      | Reached skill level 4 in Earth Magic
  1034 | D:1      | Reached XP level 3. HP: 21/21 MP: 4/6
  1058 | D:1      | Learned a level 3 spell: Stone Arrow
  1414 | D:2      | Noticed Terence
  1431 | D:2      | Killed Terence
  1431 | D:2      | Reached skill level 1 in Conjurations
  1431 | D:2      | Reached XP level 4. HP: 26/27 MP: 0/7
  2830 | D:3      | Found a shattered altar of Ashenzari.
  2840 | D:2      | Reached skill level 5 in Earth Magic
  3145 | D:3      | Reached XP level 5. HP: 28/31 MP: 3/8
  3199 | D:3      | Reached skill level 1 in Shields
  4666 | D:4      | Found a staircase to the Ecumenical Temple.
  4676 | Temple   | Entered the Ecumenical Temple
  4889 | Temple   | Became a worshipper of Sif Muna the Loreminder
  5058 | D:4      | Reached XP level 6. HP: 36/36 MP: 6/10
  5172 | D:4      | Learned a level 5 spell: Lee's Rapid Deconstruction
  5220 | D:4      | Noticed a phantom
  5264 | D:4      | Killed a phantom
  5264 | D:4      | Reached skill level 1 in Invocations
  5635 | D:4      | Mangled by an orc wizard

Skill      XL: |  1  2  3  4  5  6 |
---------------+-------------------+-----
Earth Magic    | 4 5 |  5.0
Conjurations   | 1 2 |  2.4
Shields        | 1 2 |  2.1
Spellcasting   | 3 |  3.7
Invocations    | 1 |  1.2
Dodging        | |  2.0
Stealth        | |  2.6
Transmutations | |  1.0

Action                   |  1- 3 |  4- 6 || total
-------------------------+-------+-------++-------
Melee: Dagger            |     6 |       ||     6
       Constrict         |     3 |     5 ||     8
       Short sword       |     2 |    19 ||    21
       Tentacles         |       |     2 ||     2
 Cast: Sandblast         |    33 |    71 ||   104
       Stone Arrow       |       |    27 ||    27
  Use: Scroll            |       |     7 ||     7
       Potion            |       |     1 ||     1
 Stab: Sleeping          |     1 |     2 ||     3
  Eat: Chunk             |     1 |    18 ||    19
Armor: Skin              |     1 |     2 ||     3
Dodge: Dodged            |    18 |    28 ||    46
Block: Buckler           |       |     4 ||     4
